 Dungeon Crawl Stone Soup version 0.23.2-30-g0e89c35649 (webtiles) character file.

Game seed: 14153533225512032103

175 Gingernuke the Ruffian (level 5, 0/52 HPs)
             Began as a Troll Berserker on June 7, 2019.
             Was a Believer of Trog.
             Slain by Grinder (2 damage)
             ... while paralysed by Grinder
             ... on level 3 of the Dungeon.
             The game lasted 00:06:16 (1223 turns).

Gingernuke the Ruffian (Troll Berserker)            Turns: 1223, Time: 00:06:16

Health: 0/52       AC:  6    Str: 26    XL:     5   Next: 29%
Magic:  4/4        EV:  1    Int:  3    God:    Trog [**....]
Gold:   90         SH:  0    Dex:  9    Spells: 4/4 levels left

rFire    . . .     SeeInvis .     - Unarmed
rCold    . . .     Gourm    +   (no shield)
rNeg     . . .     Faith    .   a - +0 animal skin
rPois    .         Spirit   .   (helmet restricted)
rElec    .         Reflect  .   (no cloak)
rCorr    .         Harm     .   (gloves unavailable)
MR       .....                  (boots unavailable)
Stlth    +.........             (no amulet)
HPRegen  0.57/turn              (no ring)
MPRegen  0.09/turn              (no ring)

@: paralysed, berserk cooldown, slowed
A: large, unfitting armour, claws 3, fast metabolism 3, gourmand, regeneration
1, shaggy fur 1, tough skin 3
a: Berserk, Trog's Hand, Renounce Religion


You were on level 3 of the Dungeon.
You worshipped Trog.
Trog was pleased with you.
You were very full.

You visited 1 branch of the dungeon, and saw 3 of its levels.

You collected 90 gold pieces.

Inventory:

Armour
 a - a +0 animal skin (worn)
Scrolls
 d - 3 scrolls of identify {unknown}
 h - a scroll of remove curse {unknown}
 i - a scroll of enchant weapon {unknown}
Potions
 c - 2 potions of curing {unknown}
 e - a potion of brilliance {unknown}
 g - a potion of flight {unknown}
 j - a potion of berserk rage {unknown}
Comestibles
 b - 5 rations
 f - 5 chunks of flesh


   Skills:
 + Level 2.9 Fighting
 - Level 0.2 Armour
 + Level 3.2 Dodging
 * Level 5.0 Unarmed Combat


You had 4 spell levels left.
You didn't know any spells.
Your spell library was empty.

Dungeon Overview and Level Annotations

Branches:
Dungeon (3/15)

Altars:
Ashenzari

Annotations:
D:3 Grinder


Innate Abilities, Weirdness & Mutations

You are too large for most types of armour.
You have claws for hands.
Your metabolism is lightning-fast.
You like to eat raw meat.
Your natural rate of healing is unusually fast.
You are covered in fur. (AC +1)
You have extremely tough skin. (AC +3)


Message History

Things that are here:
a +0 club; a hobgoblin corpse Grinder gestures at you.
Pain shoots through your body! Grinder gestures at you.
You suddenly lose the ability to move!
Grinder gestures at you.
You shrug off the repeated paralysis!
Grinder hits you.
You writhe in agony.
* * * LOW HITPOINT WARNING * * *
Grinder hits you.
* * * LOW HITPOINT WARNING * * *
Grinder hits you.
* * * LOW HITPOINT WARNING * * *
You writhe in agony.
* * * LOW HITPOINT WARNING * * *
Grinder hits you.
* * * LOW HITPOINT WARNING * * *
You writhe in agony.
You die...

..#.###...#.#.#.###.#.#
..#.###...........).#.#
..+.......#.....#†#.#.#
.<#.###.........#.#.#.#
....# ...........)#.#.#
..###
#####..#.##.#.#... ...
.....#......... ..#
#..###5###.###. ..# #.
# #@# ... ..# #......#
.# ..# ....###.. .. ..
## #.#. . #.#.. #.# #.
#.. .. ##. ..


You could see Grinder.

Vanquished Creatures
  Natasha (thrice) (D:2)
  A gnoll (D:1)
  4 adders (D:2)
  A dart slug (D:1)
  3 leopard geckos
  An orc (D:3)
  3 bats
  10 giant cockroaches (D:2)
  5 goblins
  4 hobgoblins
  3 jackals (D:1)
  3 frilled lizards
  2 kobolds
  7 rats
50 creatures vanquished.

Notes
Turn   | Place    | Note
-------+----------+-------------------------------------------
     0 | D:1      | Gingernuke the Troll Berserker began the quest for the Orb.
     0 | D:1      | Reached XP level 1. HP: 22/22 MP: 0/0
   128 | D:1      | Reached XP level 2. HP: 29/29 MP: 1/1
   230 | D:1      | You fall through a shaft!
   230 | D:2      | Found a shattered altar of Ashenzari.
   281 | D:2      | Reached XP level 3. HP: 33/36 MP: 2/2
   321 | D:2      | Noticed Natasha
   326 | D:2      | Killed Natasha
   326 | D:2      | Reached ** piety under Trog
   326 | D:2      | Reached skill level 4 in Unarmed Combat
   373 | D:1      | Reached XP level 4. HP: 44/44 MP: 3/3
   783 | D:2      | Noticed Natasha
   788 | D:2      | Killed Natasha
   821 | D:2      | Noticed Natasha
   829 | D:2      | Killed Natasha
   829 | D:2      | Reached XP level 5. HP: 52/52 MP: 4/4
  1180 | D:3      | Noticed Grinder
  1190 | D:3      | Paralysed by Grinder for 6 turns
  1207 | D:3      | Reached skill level 5 in Unarmed Combat
  1219 | D:3      | Paralysed by Grinder for 7 turns
  1223 | D:3      | HP: 2/52 [Grinder (4)]
  1223 | D:3      | Slain by Grinder

Skill      XL: |  1  2  3  4  5 |
---------------+----------------+-----
Unarmed Combat | 4 5 |  5.0
Dodging        | 3 |  3.2
Fighting       | |  2.9
Armour         | |  0.2

Action                   |  1- 3 |  4- 6 || total
-------------------------+-------+-------++-------
Melee: Unarmed           |    57 |    73 ||   130
       Punch             |       |     1 ||     1
Invok: Berserk           |       |     1 ||     1
       Trog's Hand       |       |     1 ||     1
 Stab: Sleeping          |       |     1 ||     1
  Eat: Chunk             |     9 |     8 ||    17
Armor: Animal skin       |    23 |    30 ||    53
Dodge: Dodged            |    34 |    43 ||    77
